 Dungeon Crawl Stone Soup version 0.30-a0-923-g828ccac5a3 (webtiles) character file.

Game seed: 13974242803094602378

529 Morbidden the Stinger (level 7, -6/49 HPs)
             Began as a Demonspawn Venom Mage on Mar 22, 2023.
             Killed by divine providence
             ... invoked by an orc priest
              (15 damage)
             ... on level 5 of the Dungeon.
             The game lasted 00:05:57 (4611 turns).

Morbidden the Stinger (Demonspawn Venom Mage)       Turns: 4611, Time: 00:05:58

Health: -6/49      AC:  2    Str: 10    XL:     7   Next: 3%
Magic:  7/11       EV: 14    Int: 18    God:
Gold:   16         SH:  0    Dex: 14    Spells: 6/12 levels left

rFire   . . .      SeeInvis .    b - +3 long sword of Uhor {flame, rPois Str+2}
rCold   . . .      Faith    .    (no shield)
rNeg    . . .      Spirit   .    e - +0 robe
rPois   +          Reflect  .    (no helmet)
rElec   .          Rampage  .    (no cloak)
rCorr   .                        (no gloves)
Will    .....                    (no boots)
Stlth   ++                       k - amulet of regeneration
HPRegen 1.08/turn                (no ring)
MPRegen 0.12/turn                (no ring)

@: no status effects
A: repulsion field 1
a: no special abilities


You were on level 5 of the Dungeon.
You visited 1 branch of the dungeon, and saw 5 of its levels.

You collected 194 gold pieces.
You spent 178 gold pieces at shops.

Inventory:

Hand Weapons
 a - a +1 short sword of speed
 b - the +3 long sword of Uhor (weapon) {flame, rPois Str+2}
   (You bought it in a shop on level 4 of the Dungeon)

   Str:       It affects your strength (+2).
   rPois:     It protects you from poison.
Missiles
 v - a boomerang
Armour
 e - a +0 robe (worn)
 r - a +0 tower shield
Magical Staves
 A - a staff of conjuration
Jewellery
 i - an amulet of reflection
 k - an amulet of regeneration (around neck)
Wands
 w - a wand of paralysis (3)
Scrolls
 c - 2 scrolls of teleportation {unknown}
 f - a scroll of immolation {unknown}
 h - 5 scrolls of identify {unknown}
 l - a scroll of amnesia {unknown}
 m - a scroll of magic mapping {unknown}
 n - a scroll of summoning {unknown}
 q - a scroll of fog {unknown}
 t - a scroll of blinking {unknown}
 u - a scroll of poison {unknown}
 x - a scroll of silence {unknown}
 y - a scroll of noise {unknown}
Potions
 d - 3 potions of lignification
 g - a potion of magic
 j - 2 potions of haste {unknown}
 o - 3 potions of curing {unknown}
 p - 2 potions of might
 s - a potion of flight {unknown}
 z - a potion of brilliance {unknown}


   Skills:
 * Level 1.7 Fighting
 * Level 1.3 Short Blades
 + Level 0.1 Staves
 * Level 1.5 Armour
 * Level 2.6 Dodging
 * Level 2.4 Stealth
 * Level 3.3 Spellcasting
 * Level 1.2 Conjurations
 * Level 2.5 Transmutations
 * Level 1.0 Air Magic
 * Level 1.2 Earth Magic
 * Level 4.2 Poison Magic


You had 6 spell levels left.
You knew the following spells:

 Your Spells              Type           Power      Damage    Failure   Level
a - Sting                 Tmut/Pois      60%        1d6       4%          1
b - Poisonous Vapours     Pois/Air       24%        N/A       9%          2
c - Stone Arrow           Conj/Erth      14%        3d7       28%         3

Your spell library contained the following spells:

 Spells                   Type           Power      Damage    Failure   Level
 Sandblast                Erth           14%        2d6       10%         1
 Passwall                 Tmut/Erth      7%         N/A       11%         2
 Cigotuvi's Dreadful Rot  Necr/Pois/Air  18%        N/A       12%         2
 Mephitic Cloud           Conj/Pois/Air  10%        N/A       19%         3
 Olgreb's Toxic Radiance  Pois           18%        N/A       26%         4
 Dispel Undead            Necr           2%         3d7       85%         4
 Death Channel            Necr           1%         N/A       100%        6


Dungeon Overview and Level Annotations

Branches:
Dungeon (5/15)
 Temple: D:4-7

Altars:
Ru
Xom

Shops:
D:4 (


Innate Abilities, Weirdness & Mutations

You are surrounded by a mild repulsion field. (EV +2)


Message History

Casting: Sting (safe; 4% risk of failure)
Confirm with . or Enter, or press ? or * to list all spells.
Aiming: Sting (safe; 4% risk of failure)
Press: ? - help, Shift-Dir - straight line, f/p - orc priest
Aim: an orc priest, wielding a +2 dagger of distortion and wearing a +0 leather armour (moderately wounded, poisoned, 74% to hit)
The sting hits the orc priest but does no damage.
The orc priest looks even sicker.
The orc priest is moderately wounded.
The orc wizard points at you and mumbles some strange words.
The magic dart hits you!
Unknown command.
You hit the orc. You burn the orc.
You kill the orc!
You closely miss the orc priest. Your punch misses the orc priest.
The orc priest is severely wounded.
The orc priest hits you with a +2 dagger of distortion.
Space warps horribly around you!!
Ouch! That really hurt!
* * * LOW HITPOINT WARNING * * *
Unknown command.
You are too injured to fight recklessly!
Unknown command.
Casting: Sting (safe; 4% risk of failure)
Confirm with . or Enter, or press ? or * to list all spells.
Aiming: Sting (safe; 4% risk of failure)
Press: ? - help, Shift-Dir - straight line, f/p - orc priest
Aim: an orc priest, wielding a +2 dagger of distortion and wearing a +0 leather armour (severely wounded, very poisoned, 74% to hit)
The sting misses the orc priest.
The orc priest closely misses you.
Unknown command.
Unknown command.
Casting: Sting (safe; 4% risk of failure)
Confirm with . or Enter, or press ? or * to list all spells.
Aiming: Sting (safe; 4% risk of failure)
Press: ? - help, Shift-Dir - straight line, f/p - orc priest
Aim: an orc priest, wielding a +2 dagger of distortion and wearing a +0 leather armour (severely wounded, poisoned, 74% to hit)
The sting hits the orc priest.
The orc priest looks even sicker.
The orc priest is almost dead.
The orc priest invokes the aid of Beogh against you.
Beogh smites you!
You die...

......................#
......................#
.............o........#
###.....#.#...........#
..........#...........#
..........#......o....#
...##.....#....o......#
...##...♣♣♣♣♣♣♣♣♣o.#
...##..♣........@♣.#
...####♣.≈≈≈≈≈≈≈.♣.#
...# ♣≈..≈≈≈..§♣.# ...#
♣≈.§...§.≈♣.# ....
♣§.§._§§§§♣.#
♣≈§≈..§≈.§♣.#
♣≈..≈≈§§§≈♣.#
♣.≈§≈§≈≈≈.♣


You could see an orc priest (very poisoned) and an orc wizard.

Vanquished Creatures
  3 scorpions
  A hound (D:4)
  A gnoll bouda (D:4)
  4 orc priests
  5 gnolls (D:4)
  5 adders
  2 worms
  2 dart slugs (D:3)
  6 orcs
  9 ball pythons
  6 endoplasms
  2 giant cockroaches
  5 goblins
  7 hobgoblins
  10 jackals (D:1)
  3 bats
  4 frilled lizards
  5 kobolds
  2 rats
82 creatures vanquished.

Notes
Turn   | Place    | Note
-------+----------+-------------------------------------------
     0 | D:1      | Morbidden the Demonspawn Venom Mage began the quest for the
                  | Orb.
     0 | D:1      | Reached XP level 1. HP: 13/13 MP: 3/3
   159 | D:1      | Reached skill level 1 in Transmutations
   160 | D:1      | HP: 1/21 [jackal (2)]
   167 | D:1      | Gained mutation: You are surrounded by a mild repulsion
                  | field. (EV +2) [demonic ancestry]
   167 | D:1      | Reached XP level 2. HP: 4/20 MP: 0/5
   213 | D:1      | Learned a level 2 spell: Poisonous Vapours
  1081 | D:2      | Reached XP level 3. HP: 24/25 MP: 6/6
  1375 | D:2      | Learned a level 3 spell: Stone Arrow
  1969 | D:2      | Reached XP level 4. HP: 31/31 MP: 5/7
  2080 | D:2      | Identified the staff of conjuration "Jiomien" {rElec rPois
                  | MP+9 Int-4}
  2228 | D:3      | Reached skill level 1 in Fighting
  2532 | D:3      | Reached XP level 5. HP: 34/37 MP: 3/8
  2730 | D:3      | Found a shimmering altar of Xom.
  2865 | D:4      | Reached skill level 1 in Armour
  2914 | D:5      | Entered Level 5 of the Dungeon
  3086 | D:4      | Reached XP level 6. HP: 18/43 MP: 0/10
  3387 | D:4      | Paralysed by a gnoll for 5 turns
  3394 | D:4      | Paralysed by a gnoll for 2 turns
  3403 | D:4      | Paralysed by a gnoll for 2 turns
  3409 | D:4      | Reached skill level 1 in Short Blades
  3569 | D:4      | Reached skill level 1 in Conjurations
  3569 | D:4      | Reached skill level 1 in Earth Magic
  3643 | D:4      | Reached skill level 4 in Poison Magic
  4283 | D:4      | Found Depim's Antique Weapon Shop.
  4286 | D:4      | Bought an ancient long sword for 178 gold pieces
  4286 | D:4      | Identified the +3 long sword of Uhor {flame, rPois Str+2}
                  | (You bought it in a shop on level 4 of the Dungeon)
  4422 | D:4      | Reached skill level 1 in Air Magic
  4553 | D:5      | Reached XP level 7. HP: 49/49 MP: 6/11
  4592 | D:5      | Found a sacrificial altar of Ru.
  4611 | D:5      | Killed from afar by an orc priest

Illustrated notes

Levels and vault maps discovered:
D:1:      matt_arrival_spirals, layout_basic
D:2:      layout_loops_corners, basic_altar
D:3:      layout_rooms, mainiacjoe_overflow_tiny_flanked, grunt_ministairs_10
D:4:      layout_loops_ring, serial_shops, kennysheep_mini_moat,
          small_statue_intersection, chequers_serial_rivers_room_b,
          nrook_campfire, chequers_avenue
D:5:      layout_basic, mainiacjoe_overflow_paths, minmay_misc_feat_x

Skill      XL: |  1  2  3  4  5  6 |
---------------+-------------------+-----
Transmutations | 1 2 |  2.5
Dodging        | 2 |  2.6
Stealth        | 2 |  2.4
Fighting       | 1 |  1.7
Armour         | 1 |  1.5
Short Blades   | 1 |  1.3
Spellcasting   | 3 |  3.3
Conjurations   | 1 |  1.2
Earth Magic    | 1 |  1.2
Poison Magic   | 4 |  4.2
Air Magic      | 1 |  1.0
Staves         | |  0.1

Action                     |  1- 3 |  4- 6 |  7- 9 || total
---------------------------+-------+-------+-------++-------
  Melee: Staff             |    38 |       |       ||    38
         Short sword       |    33 |    86 |       ||   119
         Punch             |       |     1 |       ||     1
         Long sword        |       |     2 |     2 ||     4
   Cast: Sting             |    53 |    93 |     4 ||   150
         Poisonous Vapours |     1 |    12 |       ||    13
    Use: Potion            |     1 |       |       ||     1
   Stab: Sleeping          |     1 |       |       ||     1
         Distracted        |       |     1 |       ||     1
 Armour: Skin              |    33 |       |       ||    33
         Robe              |    15 |     4 |       ||    19
  Dodge: Dodged            |    68 |    83 |     1 ||   152
  Block: Other             |     1 |       |       ||     1

Table legend: (Time is in decaauts)
 A = Elapsed time spent in this place.
 B = Non-inter-level travel time spent in this place.
 C = Inter-level travel time spent in this place.
 D = Time resting spent in this place.
 E = Time spent auto-exploring this place.
 F = Levels seen in this place.
 G = Mean time per level.
                   A        B        C        D        E       F      G
               +--------+--------+--------+--------+--------+-----+--------+
         Total |   4580 |   4438 |    142 |    300 |   3464 |   5 |  916.0 |
       Dungeon |   4580 |   4438 |    142 |    300 |   3464 |   5 |  916.0 |
               +--------+--------+--------+--------+--------+-----+--------+

Top non-repeatable levels by time:
     D:4: 1654 daAuts
     D:2: 1217 daAuts
     D:1: 873 daAuts
     D:3: 740 daAuts
     D:5: 94 daAuts
